AoeStats
← GODZI DIOS

Arabia

505817514Analyzed
2v2 RM · 22d ago on Sep 11, 2026· 52m 57s· 4 players
Game mode
Random Map
Map size
Medium (4 player)
Population
200
Speed
Normal
Resources
Standard
Victory
Conquest
Starting age
Dark Age
Ending age
Imperial Age
RankedLock teamsTeams togetherTeam positionsShared explorationLock speedFull tech treeHidden civsTurbo modeCheats
Victory
Defeat
🇹🇷 Britons · Türkiye
975
+14
🇲🇽 Bohemians · Mexico
938
+16
🇲🇽 Bulgarians · Mexico
956
-15
🇲🇽 Tatars · Mexico
925
-15
GODZI DIOS
12:04 Feudal Age
12:44 Double-Bit Axe
19:46 Fletching
22:40 Bloodlines
28:49 Scale Barding Armor
33:31 Castle Age
32:14 Forging
32:18 Scale Mail Armor
34:40 Husbandry
37:34 Bodkin Arrow
37:51 Thumb Ring
38:15 Bow Saw
43:38 Elite Skirmisher
45:07 Gambesons
MellowToaster85
9:56 Feudal Age
14:21 Loom
14:22 Town Watch
18:57 Castle Age
17:25 Double-Bit Axe
17:21 Horse Collar
17:33 Fletching
20:14 Forging
20:07 Scale Mail Armor
23:32 Scale Barding Armor
23:28 Padded Archer Armor
25:14 Wheelbarrow
25:50 Bodkin Arrow
28:57 Ballistics
29:10 Gold Mining
29:11 Stone Mining
33:04 Hand Cart
33:41 Town Patrol
39:49 Bow Saw
47:07 Chain Barding Armor
47:23 Iron Casting
53:25 Imperial Age
iMGL iVON SN1PR
0:29 Loom
11:41 Feudal Age
14:04 Wheelbarrow
25:44 Castle Age
23:52 Double-Bit Axe
23:51 Horse Collar
25:17 Fletching
25:28 Padded Archer Armor
27:18 Hand Cart
26:49 Town Watch
29:07 Chemistry
28:03 Murder Holes
30:31 Wagenburg Tactics
31:10 Bodkin Arrow
31:31 Leather Archer Armor
38:00 Imperial Age
35:28 Pikeman
36:09 Squires
37:52 Forging
37:42 Scale Mail Armor
39:46 Conscription
40:33 Capped Ram
44:20 Ballistics
44:01 Halberdier
46:44 Bracer
47:42 Ring Archer Armor
47:06 Arson
46:49 Elite Hussite Wagon
48:11 Bow Saw
48:04 Heavy Plow
48:24 Chain Mail Armor
50:18 Siege Engineers
Dis Jimmy Tho
10:59 Feudal Age
10:58 Loom
12:40 Double-Bit Axe
13:27 Horse Collar
15:18 Fletching
19:26 Gold Mining
21:15 Wheelbarrow
23:35 Castle Age
25:07 Bow Saw
24:21 Crossbowman
25:00 Bodkin Arrow
25:06 Padded Archer Armor
25:27 Heavy Plow
26:15 Elite Skirmisher
30:19 Pikeman
31:19 Leather Archer Armor
31:15 Forging
31:09 Scale Mail Armor
31:29 Hand Cart
31:43 Town Watch
35:03 Town Patrol
35:37 Ballistics
41:47 Imperial Age
41:43 Squires
42:08 Chain Mail Armor
42:36 Halberdier
42:44 Arbalester
43:30 Bracer
44:01 Ring Archer Armor
45:39 Two-Man Saw
44:37 Stone Mining
46:21 Yeomen
46:48 Gold Shaft Mining
49:31 Iron Casting
50:10 Chemistry
51:13 Conscription
51:34 Hoardings
50:57 Gambesons
50:58 Arson
52:05 Elite Longbowman
Connection lost

Rejoining the realm…

Still unreachable

The connection could not be restored.

Session expired

The server has moved on; the page needs a fresh start.